Map: 로스트 앤 파운드 - 래더

Players

MarineLorD

  • Race: Terran Terran
  • League: Master
  • Spawn Location: 7:00

Rogue - Winner!

  • Race: Zerg Zerg
  • Spawn Location: 1:00

Event: HomeStory Cup XVIII

VOD

Have the link to the VOD?

Description

Time

  • Played on: Nov. 22, 2018, 11:20 a.m.
  • Length: 15:33

All games in this series

Show
View Real Time Build Order
Export as new Build Order

MarineLorD Terran 

Build Orders: Liberator Opening, Reaper Expand 

Get SALT Encoding   

  12  0:00  SCV  
  13  0:12  SCV  
  14  0:16  Supply Depot  
  14  0:24  SCV  
  15  0:38  Barracks, SCV  
  16  0:43  Refinery  
  16  0:50  SCV  
  17  1:02  SCV  
  18  1:14  SCV  
  19  1:26  Reaper, Orbital Command  
  20  1:39  Command Center  
  20  1:48  Supply Depot  
  20  1:52  SCV  
  21  1:57  Marine  
  22  2:04  SCV  
  22  2:05  Refinery  
  23  2:12  Factory  
  23  2:16  SCV  
  23  2:20  Barracks Reactor  
  24  2:28  SCV  
  25  2:40  SCV  
  26  2:52  Orbital Command, SCV  
  27  2:59  Starport  
  27  3:04  SCV  
  27  3:05  Hellion x2  
  32  3:07  Barracks Tech Lab  
  32  3:10  Supply Depot  
  32  3:13  Refinery  
  32  3:16  SCV  
  32  3:19  SCV  
  34  3:25  Liberator  
  34  3:26  Hellion x2  
  38  3:27  Marine  
  38  3:28  SCV  
  38  3:31  SCV  
  41  3:40  SCV  
  44  3:43  SCV  
  47  3:48  Supply Depot  
  47  3:53  SCV  
  47  3:54  Hellion x2  
  51  3:56  SCV  
  52  4:05  Fusion Core, SCV  
  52  4:08  SCV  
  54  4:16  Supply Depot  
  54  4:17  SCV  
  54  4:20  SCV  
  54  4:23  Factory Tech Lab  
  56  4:29  SCV  
  57  4:32  SCV  
  57  4:33  Marine x2  
  60  4:38  Supply Depot  
  60  4:41  SCV  
  60  4:44  Siege Tank, SCV  
  60  4:45  Banshee  
  68  4:49  Bunker  
  68  4:53  Marine, SCV  
  70  5:00  Marine, SCV  
  70  5:01  Supply Depot x2  
  70  5:02  Supply Depot  
  70  5:05  SCV  
  73  5:11  Marine  
  73  5:12  SCV  
  74  5:16  Siege Tank  
  74  5:17  SCV  
  78  5:22  Marine  
  78  5:24  SCV  
  78  5:25  Supply Depot  
  79  5:29  SCV  
  80  5:36  SCV  
  80  5:41  SCV  
  78  5:48  SCV  
  70  5:54  SCV  
  70  5:55  Marine x2  
  70  5:56  Siege Tank  
  70  6:00  SCV  
  66  6:06  SCV  
  66  6:10  Battlecruiser  
  69  6:12  SCV  
  69  6:13  Marine  
  69  6:18  SCV  
  70  6:21  Weapon Refit  
  70  6:24  Marine  
  70  6:25  SCV  
  72  6:28  Siege Tank  
  72  6:30  Marine, SCV  
  72  6:31  Refinery  
  77  6:37  Supply Depot, SCV  
  77  6:38  Supply Depot  
  78  6:45  Supply Depot  
  78  6:52  Command Center  
  78  6:59  Marine x2, SCV x2  
  78  7:00  Supply Depot, Siege Tank  
  85  7:11  SCV x2  
  85  7:14  Battlecruiser  
  93  7:17  Engineering Bay, Barracks  
  93  7:19  Engineering Bay, Barracks  
  93  7:23  SCV x2  
  95  7:30  Marine  
  95  7:31  Marine  
  95  7:34  Siege Tank  
  95  7:35  SCV x2  
  102  7:39  Barracks  
  102  7:40  Barracks  
  97  7:47  SCV  
  97  7:48  Marine, SCV  
  95  8:00  SCV x2  
  95  8:04  Marine  
  95  8:05  Barracks Tech Lab  
  93  8:06  Siege Tank  
  93  8:12  SCV x2  
  88  8:18  Battlecruiser  
  88  8:19  Orbital Command  
  88  8:21  Barracks Tech Lab  
  88  8:24  SCV x2  
  88  8:26  Marine x3  
  93  8:33  Marine  
  95  8:34  Stimpack  
  95  8:35  Terran Infantry Weapons Level 1  
  95  8:36  SCV x2  
  95  8:38  Terran Infantry Armor Level 1  
  97  8:48  Marine x2, SCV x2  
  102  8:49  Barracks Reactor  
  102  8:51  Barracks Reactor  
  102  8:54  Marauder x2  
  104  8:58  Armory  
  104  9:00  SCV x2  
  106  9:03  Siege Tank  
  106  9:09  Orbital Command  
  115  9:17  Refinery  
  115  9:19  Refinery  
  115  9:28  Marine x2, Marauder x2  
  115  9:35  Marine  
  116  9:38  Medivac x2  
  116  9:39  Siege Tank  
  116  9:43  Marine  
  116  9:44  Marine  
  124  9:47  Missile Turret  
  124  9:49  Missile Turret  
  124  9:50  Missile Turret, Marauder  
  125  9:52  Missile Turret  
  125  9:53  SCV  
  125  9:54  SCV  
  114  10:02  Missile Turret, Marine  
  114  10:04  Missile Turret  
  114  10:05  SCV  
  114  10:06  SCV  
  111  10:07  Marine  
  111  10:10  Marine  
  111  10:11  Marine x3  
  110  10:15  Siege Tank  
  110  10:16  Medivac  
  110  10:17  SCV  
  110  10:19  SCV  
  112  10:27  Marine  
  112  10:28  Marine  
  116  10:29  SCV  
  116  10:31  SCV  
  116  10:33  Terran Infantry Weapons Level 2  
  115  10:40  Medivac  
  115  10:42  SCV  
  116  10:43  Marauder, SCV  
  116  10:46  Medivac  
  121  10:52  Marine x2, Marauder  
  121  10:54  Missile Turret  
  125  10:57  Supply Depot  
  125  10:59  Supply Depot  
  125  11:00  SCV x2  
  130  11:04  Thor  
  130  11:10  Marine, Concussive Shells, Combat Shield  
  133  11:16  Barracks Reactor  
  132  11:19  Marauder, Barracks Reactor, Barracks  
  132  11:20  Barracks, SCV  
  132  11:24  Marine, SCV  
  132  11:25  Marauder  
  137  11:29  Missile Turret, Marine  
  134  11:38  Marauder  
  134  11:39  SCV  
  129  11:40  SCV  
  129  11:42  Marine x2  
  129  11:46  SCV  
  122  11:47  Missile Turret  
  122  11:52  Marine  
  121  11:57  SCV  
  121  12:00  Terran Vehicle And Ship Armor Level 1  
  121  12:02  Marine, SCV  
  123  12:08  Marine  
  123  12:09  Marine  
  119  12:19  Marine, Marauder x2  
  124  12:23  Marine  
  124  12:27  Marine x2  
  124  12:28  Marine  
  130  12:33  SCV x2  
  130  12:36  Terran Infantry Armor Level 2  
  130  12:39  SCV  
  132  12:47  Barracks Reactor  
  132  12:49  Marine  
  132  12:50  Marine  
  133  12:55  SCV  
  133  12:58  Marine x4, Marauder  
  130  12:59  Thor  
  140  13:08  Marine  
  141  13:16  Marauder  
  141  13:18  Command Center  
  141  13:19  Marauder  
  145  13:21  Supply Depot, Marine  
  145  13:22  Supply Depot  
  145  13:23  Barracks Reactor x2  
  145  13:25  Marauder  
  148  13:31  Marine  
  149  13:35  Supply Depot  
  149  13:37  Supply Depot  
  149  13:40  Supply Depot x2  
  149  13:42  Marine  
  149  13:43  Missile Turret  
  149  13:48  Siege Tank  
  153  13:50  Marauder, Marine x2  
  158  13:56  Marine, Marauder  
  158  13:57  Marine  
  158  14:02  Marine  
  160  14:07  Medivac x2  
  160  14:09  Marine  
  158  14:10  Marine  
  158  14:11  Marauder  
  158  14:14  Marauder  
  162  14:17  Marine  
  162  14:18  Marauder, Marine  
  162  14:19  Marine  
  162  14:20  Marine  
  137  14:27  Marine x2  
  121  14:33  Marauder  
  121  14:37  Medivac  
  112  14:40  Marine x2  
  112  14:41  Marauder  
  112  14:43  Marine  
  112  14:44  Marine  
  112  14:46  Siege Tank  
  112  14:50  SCV  
  115  14:53  Medivac  
  115  14:59  SCV x2  
  119  15:02  Marine x2  
  121  15:09  Marine  
  121  15:10  Marauder  
Show
View Real Time Build Order
Export as new Build Order

Rogue Zerg - Winner!

Build Orders: Hatch First 

Get SALT Encoding   

  12  0:00  Drone  
  13  0:12  Overlord  
  13  0:17  Drone  
  14  0:30  Drone x2  
  16  0:49  Hatchery  
  15  0:51  Drone  
  15  0:54  Drone  
  17  0:58  Drone  
  18  1:09  Extractor  
  17  1:13  Spawning Pool  
  17  1:16  Drone  
  17  1:19  Drone  
  18  1:28  Drone  
  19  1:38  Overlord  
  19  1:52  Drone  
  20  2:00  Queen x2  
  24  2:01  Zergling x4  
  26  2:10  Metabolic Boost  
  26  2:12  Drone x2  
  29  2:22  Drone  
  29  2:23  Drone  
  30  2:34  Hatchery  
  29  2:38  Drone  
  29  2:39  Drone  
  31  2:45  Queen  
  31  2:50  Drone  
  34  2:54  Overlord  
  34  2:56  Drone  
  35  3:00  Drone  
  36  3:12  Drone x3  
  39  3:13  Drone  
  39  3:14  Drone x2  
  39  3:15  Overlord  
  39  3:19  Drone  
  43  3:26  Roach Warren  
  42  3:28  Drone x2  
  44  3:35  Zergling x4  
  44  3:41  Extractor x2, Drone  
  45  3:42  Drone x2  
  45  3:47  Drone x3  
  50  3:55  Overlord x2  
  50  3:57  Overlord x2  
  50  4:15  Roach x5  
  50  4:16  Roach x3  
  66  4:20  Roach  
  66  4:21  Roach  
  70  4:27  Zergling x8  
  74  4:33  Overlord  
  74  4:36  Zergling x2  
  74  4:37  Zergling x4  
  77  4:48  Zergling x10  
  77  4:50  Overlord x2  
  82  5:01  Ravager  
  82  5:02  Ravager x4  
  82  5:05  Zergling x6  
  90  5:08  Overlord  
  90  5:12  Ravager  
  84  5:15  Zergling x2  
  84  5:16  Zergling x12  
  84  5:20  Ravager  
  92  5:22  Zergling x2  
  92  5:23  Zergling x2  
  92  5:26  Ravager, Overlord  
  95  5:29  Zergling x6  
  95  5:32  Zergling x4  
  95  5:33  Ravager  
  101  5:36  Zergling x2  
  101  5:37  Zergling x2  
  94  5:46  Zergling x4  
  94  5:49  Lair  
  84  5:57  Drone x7  
  70  6:00  Drone  
  70  6:02  Drone  
  66  6:09  Drone x2  
  63  6:11  Drone  
  63  6:16  Drone  
  63  6:17  Drone x2  
  64  6:23  Queen, Spore Crawler  
  65  6:28  Drone  
  65  6:29  Drone x4  
  65  6:32  Extractor  
  69  6:34  Queen  
  69  6:38  Spore Crawler  
  70  6:41  Drone x4  
  70  6:46  Extractor  
  73  6:47  Extractor, Glial Reconstitution  
  73  6:51  Overseer  
  73  6:54  Drone  
  73  6:58  Queen  
  73  7:00  Drone x2  
  73  7:01  Evolution Chamber  
  76  7:02  Evolution Chamber  
  75  7:09  Drone x6  
  81  7:18  Roach x7  
  95  7:23  Spire  
  95  7:26  Roach x2  
  96  7:31  Queen  
  96  7:35  Roach  
  96  7:36  Roach x2  
  103  7:40  Zergling x8  
  102  7:45  Zergling x4  
  102  7:46  Ravager x2  
  102  7:47  Ravager x4  
  107  7:52  Zergling x6  
  107  7:54  Zergling x4  
  107  7:55  Ravager x2  
  114  8:02  Overlord x2  
  98  8:18  Spore Crawler  
  98  8:19  Drone x3  
  95  8:20  Drone x5  
  95  8:24  Drone  
  95  8:25  Drone x3  
  100  8:31  Drone x2  
  100  8:32  Drone  
  102  8:35  Overlord  
  98  8:45  Mutalisk x7  
  98  8:47  Mutalisk  
  105  9:00  Zerg Flyer Weapons Level 1  
  105  9:11  Hatchery  
  105  9:12  Overlord x2  
  105  9:13  Zerg Missile Weapons Level 1, Zerg Ground Armor Level 1  
  103  9:21  Overlord x2  
  103  9:23  Drone x2  
  105  9:24  Drone x2, Spore Crawler  
  105  9:25  Spore Crawler x2  
  105  9:27  Spore Crawler  
  101  9:33  Corruptor x4  
  107  9:45  Drone x2  
  109  9:53  Mutalisk  
  109  9:54  Hatchery, Mutalisk x2  
  110  10:00  Zergling x8  
  110  10:02  Drone x8  
  110  10:03  Drone  
  123  10:09  Mutalisk x2  
  123  10:11  Mutalisk  
  129  10:15  Mutalisk  
  127  10:28  Mutalisk x2  
  127  10:30  Zergling x4  
  133  10:44  Corruptor x2  
  133  10:46  Drone x8  
  133  10:49  Overlord x2  
  145  10:50  Extractor  
  145  10:51  Extractor  
  145  10:53  Overlord  
  145  10:55  Zerg Flyer Weapons Level 2  
  143  11:01  Corruptor  
  143  11:04  Overlord  
  141  11:14  Roach x6  
  153  11:29  Roach x5  
  160  11:33  Hatchery  
  160  11:36  Corruptor x3  
  160  11:51  Corruptor x3  
  156  11:55  Corruptor  
  156  11:58  Roach x3  
  164  12:02  Roach x2  
  167  12:10  Roach  
  167  12:23  Overlord x2  
  167  12:27  Pneumatized Carapace  
  166  12:35  Zerg Ground Armor Level 2  
  166  12:36  Zerg Missile Weapons Level 2  
  164  12:37  Roach  
  164  12:38  Roach  
  164  12:41  Hatchery  
  167  12:58  Roach x8  
  179  12:59  Infestation Pit  
  179  13:01  Extractor  
  179  13:03  Extractor, Ravager x2  
  176  13:07  Drone x2  
  176  13:08  Drone x2  
  180  13:14  Drone x3  
  183  13:24  Overlord  
  183  13:29  Baneling Nest  
  182  13:34  Zerg Flyer Armor Level 1  
  182  13:39  Drone x2  
  182  13:40  Drone, Overlord  
  185  13:44  Ravager x6  
  185  13:45  Ravager, Overlord  
  192  13:52  Hive  
  192  13:54  Overlord  
  192  13:56  Zergling x2  
  192  13:57  Zergling x12  
  192  14:02  Roach  
  195  14:08  Roach x8  
  195  14:09  Ravager  
  198  14:12  Roach x2  
  193  14:19  Roach x5  
  193  14:21  Roach  
  193  14:22  Roach  
  176  14:29  Roach x5  
  167  14:38  Roach x5  
  163  14:44  Roach x4  
  163  14:45  Roach  
  173  14:50  Ravager  
  173  14:51  Ravager  
  175  15:00  Roach x7  
  175  15:03  Ravager  
  190  15:08  Zergling x14  
  190  15:10  Ravager x2  
Tags
 
Add a new tag
Caveats
  • Supply blocks, unpowered buildings, or Contaminate may cause inaccurate times.
  • Supply counts are checked every 10 seconds.